Map: 2000 Atmosphären LE

Players

Cheater-1 (Extrem) - Winner!

  • Race: Zerg Zerg

Luca

  • Race: Terran Terran

VOD

Have the link to the VOD?

Description

Time

  • Played on: March 14, 2022, 6:47 a.m.
  • Length: 7:22
Show
View Real Time Build Order
Export as new Build Order

Cheater-1 (Extrem) Zerg - Winner!

Build Orders: Hatch First 

Get SALT Encoding   

  12  0:00  Drone  
  13  0:11  Overlord  
  13  0:16  Drone  
  14  0:29  Drone x2  
  14  0:33  Drone  
  17  0:46  Hatchery  
  17  0:48  Drone  
  17  1:01  Spawning Pool  
  17  1:02  Extractor  
  17  1:03  Drone  
  16  1:06  Drone  
  17  1:16  Drone  
  18  1:26  Drone  
  19  1:37  Overlord  
  19  1:47  Queen  
  19  1:48  Drone  
  22  1:57  Queen  
  22  1:58  Zergling x2, Drone  
  22  1:59  Roach Warren  
  22  2:00  Extractor  
  24  2:08  Drone  
  24  2:09  Drone  
  26  2:19  Drone  
  26  2:20  Overlord  
  27  2:30  Drone  
  27  2:31  Drone  
  29  2:41  Drone x2  
  31  2:51  Drone  
  31  2:52  Zergling x2  
  31  2:54  Zergling x2, Drone, Roach  
  31  2:57  Lair  
  37  3:02  Roach  
  37  3:04  Overlord, Drone, Roach x2  
  44  3:16  Overlord  
  44  3:22  Drone  
  44  3:24  Drone  
  44  3:25  Drone  
  47  3:32  Drone x2  
  47  3:33  Drone  
  50  3:36  Zergling x2, Drone x3  
  50  3:37  Drone  
  55  3:47  Drone  
  55  3:48  Drone  
  57  3:57  Hydralisk Den  
  57  3:58  Zergling x2, Drone  
  57  3:59  Infestation Pit  
  57  4:01  Zergling x2, Drone x2  
  60  4:07  Overlord  
  60  4:08  Overlord x2  
  60  4:15  Overlord  
  60  4:25  Roach x3  
  60  4:29  Overlord, Drone  
  60  4:30  Hydralisk, Roach  
  60  4:31  Hydralisk  
  71  4:34  Evolution Chamber  
  71  4:36  Evolution Chamber  
  71  4:38  Hive  
  71  4:39  Infestor, Overlord  
  71  4:40  Drone  
  71  4:41  Infestor  
  71  4:42  Hydralisk  
  78  4:52  Infestor  
  78  4:53  Overlord  
  80  5:00  Hydralisk  
  80  5:01  Zergling x2, Drone  
  80  5:04  Zergling x4  
  86  5:10  Overlord  
  86  5:11  Zergling x2, Drone  
  88  5:15  Infestor, Zergling x2  
  91  5:25  Zergling x2  
  91  5:26  Overlord  
  92  5:32  Overlord  
  92  5:53  Ultralisk Cavern, Drone  
  92  5:56  Drone, Hatchery  
  92  5:58  Drone  
  92  5:59  Drone x2  
  92  6:00  Drone x2  
  92  6:02  Drone  
  79  6:04  Drone  
  79  6:05  Drone x2  
  67  6:11  Drone  
  67  6:13  Queen, Drone  
  67  6:14  Drone x2  
  67  6:15  Drone  
  67  6:22  Drone  
  67  6:24  Zergling x2  
  69  6:29  Extractor  
  69  6:32  Evolution Chamber  
  67  6:33  Drone  
  67  6:35  Drone  
  67  6:38  Baneling Nest  
  65  6:43  Drone  
  65  6:46  Drone  
  64  6:47  Drone x3  
  64  6:52  Extractor  
  66  6:54  Drone  
  66  6:57  Drone  
  68  7:05  Drone  
  68  7:08  Drone x2  
Show
View Real Time Build Order
Export as new Build Order

Luca Terran 

Build Orders: 2 Factory, Hellion Opening 

Get SALT Encoding   

  12  0:00  SCV  
  13  0:12  SCV  
  14  0:16  Supply Depot  
  14  0:24  SCV  
  15  0:38  SCV  
  15  0:39  Barracks  
  16  0:43  Refinery  
  16  0:50  SCV  
  17  1:02  SCV  
  18  1:14  SCV  
  19  1:27  Orbital Command  
  19  1:31  Barracks Reactor  
  19  1:39  Command Center  
  19  1:47  Refinery  
  19  1:52  SCV  
  20  1:59  Supply Depot  
  20  2:05  Factory  
  20  2:08  SCV  
  21  2:15  Marine x2  
  23  2:21  SCV  
  24  2:25  Bunker  
  24  2:34  Factory  
  24  2:38  Marine  
  24  2:40  Marine  
  24  2:44  SCV  
  27  3:07  Barracks Reactor  
  27  3:09  Hellion, Armory  
  27  3:11  Hellion  
  31  3:19  Starport  
  31  3:22  Factory Tech Lab  
  31  3:31  Hellion  
  31  3:33  Hellion  
  35  3:42  Infernal Pre-Igniter  
  35  3:44  Hellion  
  37  3:52  Hellion  
  37  3:54  Hellion  
  41  4:02  Supply Depot  
  41  4:04  Medivac  
  43  4:13  Medivac  
  49  4:24  Hellion x2  
  49  4:27  Supply Depot  
  49  4:34  Medivac  
  51  4:40  Hellion  
  53  4:49  Hellion  
  55  4:53  Medivac  
  55  4:54  Hellion  
  55  4:59  Supply Depot  
  59  5:08  Orbital Command  
  59  5:09  SCV  
  60  5:25  Siege Tank, Barracks  
  60  5:27  Factory Reactor  
  63  5:30  SCV  
  63  5:33  Supply Depot  
  63  5:35  SCV  
  65  5:44  Barracks Tech Lab  
  65  5:47  SCV  
  65  5:49  Barracks  
  66  5:53  SCV  
  67  5:59  SCV  
  68  6:05  SCV  
  68  6:11  Siege Tank, SCV  
  60  6:13  Marine x2  
  60  6:18  SCV  
  58  6:23  SCV  
  58  6:24  Marine  
  60  6:30  Marine, SCV  
  60  6:31  Marine  
  63  6:37  SCV  
  64  6:42  SCV  
  64  6:46  Siege Tank  
  64  6:48  Marine  
  64  6:50  SCV, Command Center  
  64  6:52  Marine  
  65  6:54  SCV  
  65  6:59  Marine x2  
  68  7:01  Marine  
  68  7:02  SCV  
  68  7:06  SCV  
  68  7:08  Supply Depot  
  75  7:22  Supply Depot  
Tags
 
Add a new tag
Caveats
  • Supply blocks, unpowered buildings, or Contaminate may cause inaccurate times.
  • Supply counts are checked every 10 seconds.